 Dungeon Crawl Stone Soup version 0.28.0-53-g5a82cb258f (webtiles) character file.

Game seed: 1151160568805354031

886 Peloso the Slasher (level 7, -8/61 HPs)
             Began as a Minotaur Fighter on Aug 19, 2022.
             Killed by divine providence
             ... invoked by an orc priest
              (17 damage)
             ... on level 5 of the Dungeon.
             The game lasted 00:08:46 (3594 turns).

Peloso the Slasher (Minotaur Fighter)               Turns: 3594, Time: 00:08:47

Health: -8/61      AC: 14    Str: 28    XL:     7   Next: 77%
Magic:  6/6        EV: 11    Int:  5    God:
Gold:   23         SH:  0    Dex: 11    Spells: 6/6 levels left

rFire   + . .      SeeInvis .   a - +0 long sword
rCold   . . .      Faith    .   c - +0 buckler
rNeg    . . .      Spirit   .   l - +6 ring mail of a ziggurat {*Corrode rF+ Str+7}
rPois   .          Reflect  .   (helmet restricted)
rElec   .          Harm     .   t - +1 cloak
rCorr   .          Rampage  .   (no gloves)
Will    .....                   (no boots)
Stlth   ..........              (no amulet)
HPRegen 0.20/turn               (no ring)
MPRegen 0.10/turn               (no ring)

@: confused, hasted, very quick
A: horns 2, retaliatory headbutt
a: no special abilities


You were on level 5 of the Dungeon.
You visited 1 branch of the dungeon, and saw 5 of its levels.

You collected 238 gold pieces.
You spent 215 gold pieces at shops.

Inventory:

Hand Weapons
 a - a +0 long sword (weapon)
 b - a +1 spear of flaming
Armour
 c - a +0 buckler (worn)
 g - a +0 scale mail
 l - the +6 ring mail of a ziggurat (worn) {*Corrode rF+ Str+7}
   (You found it on level 2 of the Dungeon)

   Str:       It affects your strength (+7).
   rF:        It protects you from fire.
   *Corrode:  It may corrode you when you take damage.
 t - a +1 cloak (worn)
Scrolls
 f - 2 scrolls of teleportation
 h - a scroll of brand weapon
 i - a scroll of amnesia
 j - a scroll of blinking
 n - a scroll of fog
 o - 3 scrolls of noise
 v - a scroll of enchant armour
Potions
 d - a potion of might
 r - 3 potions of mutation


   Skills:
 + Level 5.5 Fighting
 + Level 7.2 Long Blades
 + Level 5.4 Armour
 + Level 2.7 Dodging
 + Level 1.0 Stealth
 + Level 5.4 Shields


You had 6 spell levels left.
You didn't know any spells.
Your spell library contained the following spells:

 Spells                   Type           Power      Damage    Failure   Level
 Passage of Golubria      Tloc           0%         N/A       100%        4
 Silence                  Hex/Air        0%         N/A       100%        5
 Lehudib's Crystal Spear  Conj/Erth      0%         10d2      100%        8
 Chain Lightning          Conj/Air       0%         N/A       100%        9
 Fire Storm               Conj/Fire      0%         5d1       100%        9
 Shatter                  Erth           0%         3d5*      100%        9


Dungeon Overview and Level Annotations

Branches:
Dungeon (5/15)
 Temple: D:4-7

Altars:
Ashenzari
Dithmenos
Elyvilon
Gozag
Kikubaaqudgha
Wu Jian
Xom

Shops:
D:2 *?*(

Annotations:
D:3 2 runed translucent doors, glosham's ghost, weakling DjCA
D:4 2 transporters


Innate Abilities, Weirdness & Mutations

You have a pair of horns on your head.
You reflexively headbutt those who attack you in melee.


Message History

You hit the bullfrog skeleton. You headbutt the bullfrog skeleton!
The bullfrog skeleton is heavily damaged.
The bullfrog skeleton hits you but does no damage.
The bullfrog skeleton closely misses you.
You slash the bullfrog skeleton!
You destroy the bullfrog skeleton!
An orc wizard comes into view. It is wielding a +0 dagger.
The orc wizard shouts!
You hear a shout! x2
The orc wizard points at you and mumbles some strange words.
The magic dart hits you but does no damage.
The orc wizard gestures at you while chanting.
The puff of flame misses you.
An orc comes into view. It is wielding a +2 dagger of speed.
You closely miss the orc wizard. Your headbutt misses the orc wizard.
You hit the orc.
The orc is moderately wounded.
The orc hits you but does no damage.
The orc wizard gestures wildly while chanting.
The orc wizard flickers and vanishes!
Deactivating autopickup; reactivate with Ctrl-A.
You barely miss the orc. You headbutt the orc, but do no damage.
The orc is moderately wounded.
An orc priest comes into view. It is wielding a +0 dagger.
The orc closely misses you. You furiously retaliate!
You headbutt the orc. You hit the orc.
You kill the orc!
The orc priest mumbles some strange prayers to Beogh against you.
Beogh smites you!
* * * LOW HITPOINT WARNING * * *
You hear some strange, mumbled words.
You are confused.
You feel yourself speed up.
You closely miss the orc priest.
The orc priest hits you but does no damage.
You slash the orc priest!
The orc priest is almost dead.
An orc wizard comes into view. It is wielding a +0 dagger.
The orc priest invokes the aid of Beogh against you.
Beogh smites you!
You die...

,,,**,,,,<,,*#,* #...#
**,,,,,,,*****,* #...# ,*,*****,*
*,* #...# ,*,*****,*****,* #...#
>*,**,,,,,,,,,,* #...# *
,,,**,**,******* #...#####
,*,**,**,* ###########.......
,,,,,,,,,* #........##..#####
********,* #@######.##....... *
*,* #o#****#.###.##.## * *,**
#{o,,,,#.# #......
********,,*****#.##**,#.###.##.##
**,,,,,,,©,,,,,..#* *,#......#.#*
*,,************#..***,####....(#
,,*****,,©,,***##.,**,***#.#####
,***,,,*,,,*,,,#*#,**,**....,* *
,**,,*,,***,,*,,**,,,,*#<....* *


You could see an orc priest and an orc wizard.

Vanquished Creatures
  Grinder (D:3)
  2 ogres (D:4)
  A phantom (D:5)
  A centaur (D:5)
  A scorpion (D:4)
  A hound (D:4)
  A bullfrog skeleton (D:5)
  An iguana (D:5)
  Natasha (thrice) (D:3)
  2 gnolls (D:5)
  5 adders
  2 ufetubi (D:4)
  An adder skeleton (D:3)
  4 dart slugs
  2 orcs
  7 bats
  5 endoplasms
  6 giant cockroaches
  8 hobgoblins
  4 quokkas
  6 ball pythons
  4 frilled lizards
  4 goblins
  8 kobolds
  2 rats (D:3)
82 creatures vanquished.

Notes
Turn   | Place    | Note
-------+----------+-------------------------------------------
     0 | D:1      | Peloso the Minotaur Fighter began the quest for the Orb.
     0 | D:1      | Reached XP level 1. HP: 19/19 MP: 0/0
   137 | D:1      | Reached XP level 2. HP: 27/27 MP: 1/1
   771 | D:2      | Found Fioshreest's General Store.
   808 | D:2      | Reached XP level 3. HP: 6/33 MP: 2/2
   812 | D:2      | HP: 1/33 [poisoned by an adder]
  1115 | D:2      | Found Myojirch's Weapon Emporium.
  1178 | D:2      | Identified the +6 ring mail of a ziggurat {*Corrode rF+
                  | Str+7}
  1199 | D:2      | Found Fofuihunt's Assorted Antiques.
  1204 | D:2      | Bought a glowing grey potion for 25 gold pieces
  1204 | D:2      | Bought a scroll labelled QOXIFI FOEXAI for 28 gold pieces
  1248 | D:2      | Reached skill level 3 in Long Blades
  1309 | D:2      | Found Geseleal's Magic Scroll Emporium.
  1637 | D:3      | Reached XP level 4. HP: 40/40 MP: 3/3
  1741 | D:3      | Noticed Natasha
  1757 | D:3      | Killed Natasha
  1758 | D:3      | Reached skill level 1 in Dodging
  1775 | D:3      | Noticed Natasha
  1789 | D:3      | Killed Natasha
  1790 | D:3      | Reached XP level 5. HP: 40/47 MP: 4/4
  1839 | D:3      | Noticed Grinder
  1840 | D:3      | Paralysed by Grinder for 6 turns
  1849 | D:3      | Paralysed by Grinder for 3 turns
  1856 | D:3      | Killed Grinder
  1857 | D:3      | Reached skill level 5 in Long Blades
  1857 | D:3      | Reached XP level 6. HP: 55/55 MP: 5/5
  1920 | D:3      | Found a large runed translucent door.
  1920 | D:3      | Found a large runed translucent door.
  1956 | D:3      | Noticed glosham's ghost (weakling DjCA)
  2101 | D:3      | Noticed Natasha
  2103 | D:3      | Found an ancient bone altar of Kikubaaqudgha.
  2107 | D:3      | Killed Natasha
  2121 | D:3      | Found a faded altar of an unknown god.
  2292 | D:3      | Found a shimmering altar of Xom.
  2375 | D:4      | Reached skill level 5 in Fighting
  2375 | D:4      | Reached skill level 5 in Shields
  2383 | D:4      | Reached skill level 6 in Long Blades
  2383 | D:4      | Reached XP level 7. HP: 23/61 MP: 6/6
  2583 | D:4      | Found a white marble altar of Elyvilon.
  2703 | D:4      | Found a broken altar of Ashenzari.
  2760 | D:4      | Reached skill level 5 in Armour
  2842 | D:4      | Found an ornate altar of the Wu Jian Council.
  2852 | D:4      | Found a transporter.
  3076 | D:4      | Found a transporter.
  3076 | D:4      | Found a shadowy altar of Dithmenos.
  3272 | D:4      | Found an opulent altar of Gozag.
  3347 | D:2      | Bought 2 black potions for 50 gold pieces
  3347 | D:2      | Bought a scroll labelled TOURRE TEFA for 28 gold pieces
  3385 | D:2      | Bought a scroll of identify for 24 gold pieces
  3385 | D:2      | Bought a scroll of identify for 24 gold pieces
  3385 | D:2      | Bought a scroll of identify for 24 gold pieces
  3385 | D:2      | Bought a scroll of noise for 12 gold pieces
  3419 | D:5      | Entered Level 5 of the Dungeon
  3472 | D:5      | Reached skill level 7 in Long Blades
  3472 | D:5      | Reached skill level 1 in Stealth
  3594 | D:5      | Killed from afar by an orc priest

Illustrated notes

Levels and vault maps discovered:
D:1:      co_arrival_square_in_a_square_in_a_square, layout_rooms,
          serial_aquarium, aquarium_bridge_square [aquarium_subvault_bridge,
          aquarium_subvault_wall, aquarium_subvault_bridge,
          aquarium_subvault_bridge], aquarium_bridge_square
          [aquarium_subvault_wall, aquarium_subvault_window,
          aquarium_subvault_bridge, aquarium_subvault_wall], aquarium_window_1,
          aquarium_window_corridor_3, aquarium_view_2d, aquarium_view_2e,
          grunt_decor_fettered, ebering_dispersal_statue_hall
D:2:      layout_loops_ring, serial_shops, shop, shop, shop_statue,
          nicolae_shop_hallway_stairs
D:3:      layout_basic, xom_teletrap_fun, nicolae_kikubaaqudgha_miasma_corner,
          ebering_ghost_disaster_area, hellmonk_ecumenical_altar_heavens_door,
          uniq_natasha, uniq_grinder
D:4:      layout_cave_pools, gammafunk_temple_overflow_arena, elyvilon_altar_3,
          pdpol_wu_jian_five_deadly_venoms, mainiacjoe_overflow_swirl,
          minmay_misc_feat_diagonals
D:5:      layout_loops_cross, kennysheep_okawaru_gauntlet, gammafunk_ghost_hive,
          cheibrodos_sewer_entry_bend

Skill      XL: |  1  2  3  4  5  6  7 |
---------------+----------------------+-----
Fighting       | 4 5 |  5.5
Shields        | 4 5 |  5.4
Armour         | 4 5 |  5.4
Long Blades    | 3 5 6 7 |  7.2
Dodging        | 1 2 |  2.7
Stealth        | 1 |  1.0

Action                   |  1- 3 |  4- 6 |  7- 9 || total
-------------------------+-------+-------+-------++-------
Melee: Long sword        |    82 |    57 |    61 ||   200
       Headbutt          |     7 |     8 |     9 ||    24
  Use: Scroll            |     1 |       |    12 ||    13
       Potion            |       |       |     2 ||     2
Armor: Scale mail        |    30 |       |       ||    30
       Ring mail         |    12 |    18 |    33 ||    63
Dodge: Dodged            |    50 |    28 |    43 ||   121
Block: Buckler           |    28 |    10 |    22 ||    60
